 Dungeon Crawl Stone Soup version 0.31-a0-740-g87205ac768 (webtiles) character file.

Game seed: 4748205014722743968

491 javelincjr the Ducker (level 7, -3/56 HPs)
             Began as a Gnoll Gladiator on Sept 12, 2023.
             Was a Follower of Okawaru.
             Slain by an orc warrior
             ... wielding a +0 glaive of venom
              (10 damage)
             ... on level 5 of the Dungeon.
             The game lasted 00:05:59 (3543 turns).

javelincjr the Ducker (Gnoll Gladiator)             Turns: 3543, Time: 00:06:00

Health: -3/56      AC:  6    Str: 16    XL:     7   Next: 14%
Magic:  8/10       EV: 17    Int:  7    God:    Okawaru [*.....]
Gold:   195        SH:  0    Dex: 13    Spells: 10/10 levels left

rFire   . . .        a - +0 trident
rCold   . . .        (no shield)
rNeg    . . .        b - +0 leather armour
rPois   .            c - +0 helmet
rElec   .            r - +0 cloak
rCorr   .            (no gloves)
SInv    .            (no boots)
Will    .....        (no amulet)
Stlth   +++          (no ring)
HPRegen 0.29/turn    (no ring)
MPRegen 0.12/turn

%: no passive effects
@: lethally poisoned (-3 -> -18), heroic
A: fangs 1, strong nose, distributed training
a: Renounce Religion, Heroism


You were on level 5 of the Dungeon.
You worshipped Okawaru.
Okawaru was aware of your devotion.
You visited 1 branch of the dungeon, and saw 5 of its levels.

You collected 195 gold pieces.

Inventory:

Hand Weapons
 a - a +0 trident (weapon)
Missiles
 d - 2 throwing nets (quivered)
 e - a javelin
 w - 3 boomerangs
Armour
 b - a +0 leather armour (worn)
 c - a +0 helmet (worn)
 r - a +0 cloak (worn)
Scrolls
 f - 2 scrolls of silence {unknown}
 g - 2 scrolls of blinking {unknown}
 h - 3 scrolls of fear {unknown}
 i - 4 scrolls of fog {unknown}
 j - 5 scrolls of teleportation {unknown}
 l - 2 scrolls of noise {unknown}
 m - 7 scrolls of identify {unknown}
 u - a scroll of enchant weapon {unknown}
 v - a scroll of revelation {unknown}
Potions
 k - 2 potions of mutation {unknown}
 n - 4 potions of curing {unknown}
 o - 3 potions of heal wounds {unknown}
 p - 2 potions of cancellation {unknown}
 q - a potion of attraction {unknown}
 s - a potion of brilliance {unknown}
 t - a potion of resistance {unknown}
 x - a potion of degeneration {unknown}


   Skills:
 + Level 5.2(10.2) Fighting
 + Level 2.3(7.3) Short Blades
 + Level 2.3(7.3) Long Blades
 + Level 2.3(7.3) Axes
 + Level 2.3(7.3) Maces & Flails
 + Level 7.0(12.0) Polearms
 + Level 2.3(7.3) Staves
 + Level 2.3(7.3) Ranged Weapons
 + Level 5.2(10.2) Throwing
 + Level 2.3(7.3) Armour
 + Level 7.0(12.0) Dodging
 + Level 2.3(7.3) Stealth
 + Level 2.3(7.3) Shields
 + Level 2.3(7.3) Unarmed Combat
 + Level 2.3 Spellcasting
 + Level 1.9 Conjurations
 + Level 1.9 Hexes
 + Level 1.9 Summonings
 + Level 1.9 Necromancy
 + Level 1.9 Translocations
 + Level 1.9 Transmutations
 + Level 1.9 Fire Magic
 + Level 1.9 Ice Magic
 + Level 1.9 Air Magic
 + Level 1.9 Earth Magic
 + Level 1.9 Poison Magic
 + Level 2.6 Invocations
 + Level 2.3 Evocations
 + Level 2.1 Shapeshifting


You had 10 spell levels left.
You didn't know any spells.
Your spell library contained the following spells:

 Spells                   Type           Power      Damage    Failure   Level
 Blink                    Tloc           6%         N/A       30%         2
 Static Discharge         Conj/Air       6%         2-3/arc   30%         2
 Frozen Ramparts          Ice            6%         1d1       52%         3
 Gell's Gravitas          Tloc           3%         N/A       52%         3
 Teleport Other           Tloc           3%         N/A       52%         3
 Airstrike                Air            1%         2d(1-17)  89%         4
 Manifold Assault         Tloc           3%         N/A       89%         4
 Petrify                  Tmut/Erth      3%         N/A       89%         4
 Metabolic Englaciation   Hex/Ice        1%         N/A       99%         5
 Dispersal                Tloc           1%         N/A       100%        6
 Summon Small Mammal      Summ           Unusable   N/A       N/A         1
 Call Canine Familiar     Summ           Unusable   N/A       N/A         3
 Summon Guardian Golem    Hex/Summ       Unusable   N/A       N/A         3
 Summon Lightning Spire   Summ/Air       Unusable   N/A       N/A         4

Dungeon Overview and Level Annotations

Branches:
Dungeon (5/15)
 Temple: D:4-7

Altars:
Nemelex Xobeh
Okawaru
Sif Muna


Innate Abilities, Weirdness & Mutations

You have very sharp teeth.
Your uncanny sense of smell can sniff out nearby items.
Your experience applies equally to all skills.


Message History

You are too confused!
You bump into the rock wall.
The orc wizard mumbles some strange words.
The orc wizard flickers and vanishes!
Deactivating autopickup; reactivate with Ctrl-A.
An orc warrior comes into view. It is wielding a +0 glaive of venom.
You bump into the rock wall.
Something hits you but does no damage.
You puncture something! Something hits you.
You closely miss something. Something hits you but does no damage.
The orc warrior closely misses you.
You bump into the rock wall.
Something hits you but does no damage.
The orc warrior hits you from afar with a +0 glaive of venom!
You are poisoned.
You bump into the rock wall.
You feel less confused.
You feel very sick. Something hits you. The orc warrior closely misses you.
An orc wizard comes into view. It is wielding a +0 dagger.
You miss something.
You feel very sick. Something barely misses you. The orc warrior misses you.
You closely miss something.
You feel very sick. Something hits you. The orc warrior closely misses you.
You gain the combat prowess of a mighty hero.
You feel very sick. Something hits you but does no damage.
The orc warrior hits you from afar with a +0 glaive of venom.
* * * LOW HITPOINT WARNING * * *
You are lethally poisoned!
You hit something. Okawaru accepts your kill.
Reactivating autopickup.
You feel a bit more experienced.
* * * LOW HITPOINT WARNING * * *
You feel very sick.
* * * LOW HITPOINT WARNING * * *
You feel very sick.
The orc warrior hits you with a +0 glaive of venom!
You die...

#........#......#.#####
##########.#....#.....#
#.#....#####.#
#.#....#...#.#
#.######.#.#.# #.....#
###.### ######..####.
#oo@..........
#o#####.#####. #∆ .# .#
.# .# .#


You could see an orc warrior, an orc wizard and an orc.

Vanquished Creatures
  A black bear (D:5)
  2 ogres
  A scorpion (D:5)
  Terence (D:3)
  An orc wizard (D:5)
  An iguana (D:5)
  3 adders
  A worm (D:2)
  3 dart slugs
  2 orcs
  3 bats
  4 endoplasms
  4 giant cockroaches
  5 goblins
  6 hobgoblins
  5 kobolds
  2 quokkas
  4 ball pythons
  2 frilled lizards (D:1)
  4 rats
55 creatures vanquished.

Notes
Turn   | Place    | Note
-------+----------+-------------------------------------------
     0 | D:1      | javelincjr the Gnoll Gladiator began the quest for the Orb.
     0 | D:1      | Reached XP level 1. HP: 20/20 MP: 1/1
   121 | D:1      | Reached XP level 2. HP: 23/26 MP: 2/2
   780 | D:2      | Reached XP level 3. HP: 31/31 MP: 3/3
   983 | D:2      | Reached skill level 1 in Invocations
  1178 | D:2      | Reached skill level 1 in Short Blades
  1178 | D:2      | Reached skill level 1 in Long Blades
  1178 | D:2      | Reached skill level 1 in Axes
  1178 | D:2      | Reached skill level 1 in Maces & Flails
  1178 | D:2      | Reached skill level 1 in Staves
  1178 | D:2      | Reached skill level 1 in Ranged Weapons
  1178 | D:2      | Reached skill level 1 in Armour
  1178 | D:2      | Reached skill level 1 in Stealth
  1178 | D:2      | Reached skill level 1 in Shields
  1178 | D:2      | Reached skill level 1 in Unarmed Combat
  1178 | D:2      | Reached skill level 1 in Spellcasting
  1178 | D:2      | Reached skill level 1 in Evocations
  1611 | D:3      | Found a faded altar of an unknown god.
  1686 | D:3      | Reached skill level 1 in Shapeshifting
  1686 | D:3      | Reached XP level 4. HP: 38/38 MP: 5/5
  1708 | D:3      | Found an iron altar of Okawaru.
  1715 | D:3      | Noticed Terence
  1721 | D:3      | Became a worshipper of Warmaster Okawaru
  1733 | D:3      | Killed Terence
  1734 | D:3      | Reached skill level 1 in Conjurations
  1734 | D:3      | Reached skill level 1 in Hexes
  1734 | D:3      | Reached skill level 1 in Summonings
  1734 | D:3      | Reached skill level 1 in Necromancy
  1734 | D:3      | Reached skill level 1 in Translocations
  1734 | D:3      | Reached skill level 1 in Transmutations
  1734 | D:3      | Reached skill level 1 in Fire Magic
  1734 | D:3      | Reached skill level 1 in Ice Magic
  1734 | D:3      | Reached skill level 1 in Air Magic
  1734 | D:3      | Reached skill level 1 in Earth Magic
  1734 | D:3      | Reached skill level 1 in Poison Magic
  2368 | D:4      | Found a shimmering blue altar of Sif Muna.
  2721 | D:4      | Noticed an ogre
  2772 | D:4      | Killed an ogre
  2773 | D:4      | Reached XP level 5. HP: 28/43 MP: 5/7
  2987 | D:5      | Entered Level 5 of the Dungeon
  2995 | D:5      | Reached XP level 6. HP: 38/50 MP: 8/8
  3179 | D:5      | Reached skill level 5 in Fighting
  3179 | D:5      | Reached skill level 5 in Throwing
  3204 | D:5      | Found a sparkling altar of Nemelex Xobeh.
  3243 | D:5      | Noticed a black bear
  3261 | D:5      | Killed a black bear
  3261 | D:5      | Reached * piety under Okawaru
  3407 | D:5      | Reached XP level 7. HP: 45/56 MP: 10/10
  3543 | D:5      | Slain by an orc warrior

Illustrated notes

Levels and vault maps discovered:
D:1:      onia_arrival_pyramid, layout_basic, kennysheep_decorative_pillar,
          hangedman_decor_riveting
D:2:      layout_loops_ring
D:3:      layout_loops_cross, okawaru_gym_becter,
          dreamdust_ecumenical_altar_grove, uniq_terence
D:4:      layout_basic, kennysheep_mini_moat
D:5:      layout_basic, nemelex_dance_club_becter, hangedman_ru_absence,
          old_standard_altar, minmay_temple_entry_mini_moons

Skill      XL: |  1  2  3  4  5  6 |
---------------+-------------------+-----
Invocations    | 1 2 |  2.6
Short Blades   | 1 2 |  2.3
Long Blades    | 1 2 |  2.3
Axes           | 1 2 |  2.3
Maces & Flails | 1 2 |  2.3
Staves         | 1 2 |  2.3
Ranged Weapons | 1 2 |  2.3
Armour         | 1 2 |  2.3
Stealth        | 1 2 |  2.3
Shields        | 1 2 |  2.3
Unarmed Combat | 1 2 |  2.3
Spellcasting   | 1 2 |  2.3
Evocations     | 1 2 |  2.3
Shapeshifting  | 1 2 |  2.1
Conjurations   | 1 |  1.9
Hexes          | 1 |  1.9
Summonings     | 1 |  1.9
Necromancy     | 1 |  1.9
Translocations | 1 |  1.9
Transmutations | 1 |  1.9
Fire Magic     | 1 |  1.9
Ice Magic      | 1 |  1.9
Air Magic      | 1 |  1.9
Earth Magic    | 1 |  1.9
Poison Magic   | 1 |  1.9
Fighting       | 5 |  5.2
Throwing       | 5 |  5.2
Polearms       | 7 |  7.0
Dodging        | 7 |  7.0

Action                     |  1- 3 |  4- 6 |  7- 9 || total
---------------------------+-------+-------+-------++-------
  Melee: Trident           |   115 |    99 |     9 ||   223
         Bite              |     7 |    10 |       ||    17
         Punch             |     1 |     2 |       ||     3
  Throw: Throwing net      |       |     1 |       ||     1
 Invoke: Heroism           |       |       |     1 ||     1
   Stab: Sleeping          |     3 |     2 |       ||     5
 Armour: Leather armour    |    37 |    41 |    12 ||    90
  Dodge: Dodged            |    59 |    70 |     5 ||   134

Table legend: (Time is in decaauts)
 A = Elapsed time spent in this place.
 B = Non-inter-level travel time spent in this place.
 C = Inter-level travel time spent in this place.
 D = Time resting spent in this place.
 E = Time spent auto-exploring this place.
 F = Levels seen in this place.
 G = Mean time per level.
                   A        B        C        D        E       F      G
               +--------+--------+--------+--------+--------+-----+--------+
         Total |   3534 |   3405 |    129 |    133 |   2792 |   5 |  706.8 |
       Dungeon |   3534 |   3405 |    129 |    133 |   2792 |   5 |  706.8 |
               +--------+--------+--------+--------+--------+-----+--------+

Top non-repeatable levels by time:
     D:4: 942 daAuts
     D:3: 731 daAuts
     D:2: 657 daAuts
     D:1: 650 daAuts
     D:5: 553 daAuts
